 Dungeon Crawl Stone Soup version 0.18.1-8-gdd0e5ea (webtiles) character file.

100 stauk the Sneak (level 5, -11/29 HPs)
             Began as a Kobold Enchanter on May 22, 2016.
             Killed by nerve-wracking pain
             ... invoked by Jessica
              (14 damage)
             ... on level 2 of the Dungeon.
             The game lasted 00:16:33 (2347 turns).

stauk the Sneak (Kobold Enchanter)                  Turns: 2347, Time: 00:16:34

Health: -11/29     AC:  0    Str:  6 (7)  XL:     5   Next: 3%
Magic:  14/17      EV: 15    Int: 12 (14) God:
Gold:   104        SH:  0    Dex: 13 (16) Spells: 3 memorised, 3 levels left

rFire  . . .     SeeInvis .     a - +1 dagger
rCold  . . .     Gourm    .     b - +1 robe
rNeg   . . .     Faith    .     (shield restricted)
rPois  .         Spirit   .     (no helmet)
rElec  .         Dismiss  .     (no cloak)
rCorr  .         Reflect  .     (no gloves)
SustAt .         Harm     .     (no boots)
MR     .....                    (no amulet)
Stlth  +++.......               l - -3 ring of protection (curse)
                                k - ring of magical power

@: very slightly contaminated, not resistant to hostile enchantments, fairly
stealthy
A: carnivore 3
a: no special abilities


You were on level 2 of the Dungeon.
You were very full.

You visited 1 branch of the dungeon, and saw 2 of its levels.

You collected 104 gold pieces.

Inventory:

Hand Weapons
 a - a +1 dagger (weapon)
Missiles
 g - 24 poisoned needles
Armour
 b - a +1 robe (worn)
Jewellery
 k - a ring of magical power (left hand)
 l - a cursed -3 ring of protection (right hand)
Scrolls
 e - a scroll of remove curse {unknown}
 h - 4 scrolls of identify {unknown}
 m - a scroll of enchant armour {unknown}
Potions
 f - a potion of curing {unknown}
 i - a potion of flight {unknown}
 n - 2 potions of beneficial mutation {unknown}
Books
 c - a book of Maledictions

   Spells                             Type                      Level
   a - Corona                         Hexes                        1
   b - Ensorcelled Hibernation        Hexes/Ice                    2
   c - Confuse                        Hexes                        3
   d - Tukima's Dance                 Hexes                        3
   e - Dazzling Spray                 Conjuration/Hexes            3
Comestibles
 d - a meat ration
 j - a slice of pizza


   Skills:
 + Level 1.3 Fighting
 + Level 2.4 Short Blades
 + Level 2.9 Dodging
 + Level 4.4 Stealth
 * Level 2.6 Spellcasting
 * Level 3.6 Hexes
 + Level 1.1 Ice Magic


You had 3 spell levels left.
You knew the following spells:

 Your Spells              Type           Power        Failure   Level  Hunger
a - Corona                Hex            ##.....      8%          1    #......
b - Ensorcelled Hibernat  Hex/Ice        #.....       14%         2    ###....
c - Tukima's Dance        Hex            ##......     21%         3    ###....


Dungeon Overview and Level Annotations

Branches:
Dungeon (2/15)

Altars:

Annotations:
D:2 Jessica


Innate Abilities, Weirdness & Mutations

You are small and have problems with some larger weapons.
You are carnivorous and can eat meat at any time.


Message History

Jessica points at you and mumbles some strange words.
Pain shoots through your body!
Casting: Ensorcelled Hibernation
Confirm with . or Enter, or press ? or * to list all spells.
Aiming: Ensorcelled Hibernation
Press: ? - help, Shift-Dir - straight line, f/p - Jessica
Aim: Jessica, wearing a robe and carrying a wand of flame {zapped: 1} (chance to defeat MR: 48%) Jessica resists with some effort.
Jessica misses you.
Jessica zaps a wand.
The puff of flame misses you.
Jessica grins evilly.
Jessica zaps a wand.
The puff of flame hits you!
* * * LOW HITPOINT WARNING * * *
Jessica casts a spell.
Jessica blinks!
Jessica zaps a wand.
The puff of flame hits you!
* * * LOW HITPOINT WARNING * * *
Jessica zaps a wand.
The puff of flame misses you. Jessica casts a spell at you.
Pain shoots through your body!
You die...

#### ...# ########
######### ...# #......#
#.....@.## ...#
#......###@#####..##
#.### #.
#.....#.#.###...#####
....#
#..#.#...#.#.##........#
#.#.#
#..#.#.#.#.#.###.@.###.#
#.#.#
#......#.#.#.####..#
#...#
#.##.#.#.....@.....###)#
##..#
#....@.#####.####......#
#..# ####.### #.#
##'###### ##..#
#.#######.###...##


You could see Jessica.

Vanquished Creatures
  4 gnolls (D:2)
  3 adders (D:2)
  A dart slug (D:1)
  A giant gecko (D:2)
  3 bats (D:1)
  A giant cockroach (D:1)
  9 goblins
  2 hobgoblins (D:1)
  A quokka (D:2)
  3 giant newts
  4 kobolds (D:1)
  A rat (D:1)
33 creatures vanquished.

Notes
Turn   | Place    | Note
--------------------------------------------------------------
     0 | D:1      | stauk the Kobold Enchanter began the quest for the Orb.
     0 | D:1      | Reached XP level 1. HP: 10/10 MP: 3/3
   156 | D:1      | Reached XP level 2. HP: 13/16 MP: 5/5
   162 | D:1      | Learned a level 2 spell: Ensorcelled Hibernation
   502 | D:1      | Reached XP level 3. HP: 20/20 MP: 6/6
   517 | D:1      | Reached skill level 1 in Fighting
  1423 | D:2      | Reached XP level 4. HP: 2/25 MP: 7/7
  1792 | D:2      | Reached skill level 1 in Ice Magic
  1920 | D:2      | Learned a level 3 spell: Tukima's Dance
  1955 | D:2      | Reached XP level 5. HP: 5/29 MP: 8/8
  2303 | D:2      | Noticed Jessica
  2347 | D:2      | Killed from afar by Jessica

Skill      XL: |  1  2  3  4 |
---------------+-------------+-----
Short Blades   | 2 |  2.4
Fighting       | 1 |  1.3
Ice Magic      | 1 |  1.1
Dodging        | |  2.9
Stealth        | |  4.4
Spellcasting   | |  2.6
Hexes          | |  3.6

Action                   |  1- 3 |  4- 6 || total
-------------------------+-------+-------++-------
Melee: Dagger            |    75 |    16 ||    91
 Cast: Corona            |    12 |     4 ||    16
       Ensorcelled Hiber |     7 |     7 ||    14
       Tukima's Dance    |       |     1 ||     1
  Use: Potion            |     2 |       ||     2
 Stab: Sleeping          |    14 |     6 ||    20
  Eat: Chunk             |    11 |     3 ||    14
Armor: Robe              |     8 |       ||     8
Dodge: Dodged            |    64 |    16 ||    80
